Map: Dusk Towers

Players

ILLBdA - Winner!

  • Race: Protoss Protoss
  • League: Diamond

아베쒸발쉐끼

  • Race: Zerg Zerg
  • League: Diamond

VOD

Have the link to the VOD?

Description

Time

  • Played on: Dec. 14, 2015, 8:37 a.m.
  • Length: 8:49
Show
View Real Time Build Order
Export as new Build Order

ILLBdA Protoss - Winner!

Build Orders: 1 Gate Expand, Zealot Archon 

Get SALT Encoding   

  12  0:01  Probe (Chrono Boost)  
  13  0:11  Probe (Chrono Boost)  
  14  0:21  Pylon  
  14  0:22  Probe (Chrono Boost)  
  15  0:39  Gateway  
  15  0:40  Probe (Chrono Boost)  
  16  0:50  Probe (Chrono Boost)  
  17  1:01  Probe (Chrono Boost)  
  18  1:11  Probe (Chrono Boost)  
  19  1:18  Nexus  
  19  1:22  Probe (Chrono Boost)  
  20  1:30  Cybernetics Core  
  20  1:37  Assimilator  
  21  1:41  Assimilator  
  20  1:47  Gateway  
  20  1:54  Pylon  
  20  1:57  Probe (Chrono Boost)  
  21  2:07  Probe (Chrono Boost)  
  22  2:12  Adept (Chrono Boost)  
  24  2:19  Probe  
  24  2:21  Warp Gate  
  25  2:30  Probe  
  25  2:31  Probe  
  27  2:41  Mothership Core (Chrono Boost)  
  27  2:43  Probe (Chrono Boost)  
  30  2:52  Pylon  
  30  2:55  Probe (Chrono Boost)  
  33  3:01  Probe (Chrono Boost)  
  33  3:05  Probe (Chrono Boost)  
  33  3:07  Robotics Facility  
  33  3:12  Probe (Chrono Boost)  
  34  3:16  Probe (Chrono Boost)  
  34  3:19  Sentry  
  37  3:22  Probe (Chrono Boost)  
  37  3:26  Probe (Chrono Boost)  
  39  3:29  Gateway  
  39  3:33  Probe (Chrono Boost)  
  40  3:36  Gateway  
  40  3:37  Probe (Chrono Boost)  
  41  3:48  Probe x2 (Chrono Boost)  
  43  3:56  Warp Prism (Chrono Boost)  
  43  4:00  Pylon  
  43  4:02  Assimilator  
  45  4:06  Pylon  
  45  4:07  Assimilator  
  45  4:13  Twilight Council  
  45  4:23  Adept  
  45  4:24  Adept x2  
  51  4:34  Immortal (Chrono Boost), Probe  
  56  4:44  Probe  
  57  4:50  Gateway x2  
  57  4:52  Charge  
  57  5:12  Sentry  
  59  5:14  Zealot x2  
  59  5:15  Zealot  
  59  5:21  Immortal (Chrono Boost)  
  67  5:49  Templar Archives, Probe  
  66  5:50  Pylon  
  66  5:51  Pylon  
  66  5:52  Zealot  
  66  5:53  Zealot  
  66  5:55  Pylon  
  68  5:58  Immortal (Chrono Boost)  
  68  6:04  Pylon  
  70  6:07  Probe  
  70  6:10  Zealot x3  
  77  6:11  Sentry  
  79  6:27  High Templar x2  
  79  6:31  Archon  
  83  6:34  Immortal (Chrono Boost)  
  87  6:40  Zealot x4  
  95  7:03  Zealot x3  
  95  7:07  Pylon  
  101  7:08  Pylon  
  101  7:10  Pylon  
  101  7:12  Observer  
  102  7:18  Pylon  
  102  7:19  Pylon  
  102  7:20  Pylon  
  102  7:27  Zealot x2, High Templar x2  
  102  7:28  Zealot  
  112  7:31  Archon  
  112  7:55  Stalker  
  112  7:56  Stalker x3  
  112  7:57  Stalker  
  114  8:15  Zealot x2  
  100  8:22  Zealot  
  100  8:23  Zealot x3  
  108  8:36  High Templar x2  
  108  8:40  Archon  
  108  8:44  Zealot x4  
Show
View Real Time Build Order
Export as new Build Order

아베쒸발쉐끼 Zerg 

Build Orders: Hatch First 

Get SALT Encoding   

  12  0:01  Drone  
  13  0:12  Overlord  
  13  0:17  Drone  
  14  0:30  Drone x2  
  14  0:34  Drone  
  17  0:51  Hatchery  
  17  0:55  Drone  
  17  0:57  Drone  
  18  1:09  Extractor  
  17  1:15  Drone, Spawning Pool  
  17  1:19  Drone  
  18  1:28  Drone  
  19  1:38  Overlord  
  19  1:49  Drone  
  20  2:03  Queen  
  20  2:04  Queen  
  20  2:05  Zergling x4  
  26  2:12  Drone  
  26  2:13  Metabolic Boost  
  27  2:18  Drone  
  27  2:21  Overlord  
  28  2:30  Drone  
  29  2:42  Queen  
  29  2:43  Drone x3  
  34  2:47  Drone  
  35  2:57  Drone x2  
  37  3:03  Hatchery  
  35  3:16  Drone x4  
  35  3:17  Drone, Spine Crawler  
  39  3:23  Spine Crawler  
  38  3:39  Drone x4  
  38  3:40  Drone  
  43  3:44  Extractor  
  43  3:45  Lair  
  42  4:01  Roach Warren, Overlord  
  42  4:02  Overlord x2  
  41  4:22  Evolution Chamber  
  40  4:26  Zergling x2  
  40  4:27  Zergling x22  
  40  4:31  Drone  
  53  4:39  Drone  
  53  4:40  Drone  
  53  4:42  Extractor  
  53  4:44  Drone x2, Extractor  
  53  4:45  Overlord  
  55  4:51  Hydralisk Den  
  54  4:58  Drone  
  54  4:59  Drone x4  
  59  5:01  Evolution Chamber  
  59  5:06  Overlord  
  59  5:07  Drone x4  
  61  5:18  Roach  
  61  5:19  Roach x4  
  71  5:24  Extractor  
  71  5:25  Extractor  
  68  5:41  Lurker Den  
  68  5:42  Overlord x2  
  68  5:56  Drone  
  69  5:57  Drone x8  
  69  6:02  Zerg Missile Weapons Level 1  
  77  6:04  Drone  
  77  6:05  Drone  
  79  6:19  Zerg Ground Armor Level 1  
  79  6:26  Spine Crawler  
  79  6:27  Drone x2, Extractor  
  79  6:28  Drone x4  
  79  6:32  Ravager  
  84  6:39  Spore Crawler  
  83  6:41  Spore Crawler  
  83  6:44  Spore Crawler  
  81  6:58  Roach  
  81  6:59  Roach x8  
  99  7:18  Overlord x3  
  99  7:40  Hydralisk x6  
  89  8:08  Hydralisk  
  89  8:09  Hydralisk x5  
  90  8:14  Zergling x2  
  64  8:21  Roach x3  
  64  8:22  Roach x3  
Tags
 
Add a new tag
Caveats
  • Supply blocks, unpowered buildings, or Contaminate may cause inaccurate times.
  • Supply counts are checked every 10 seconds.